 Dungeon Crawl Stone Soup version 0.32-a0-981-g384da2ce10 (webtiles) character file.

Game seed: 9432947073228721255

24 senseless the Trooper (level 3, -1/29 HPs)
             Began as a Coglin Berserker on Apr 20, 2024.
             Was a Follower of Trog.
             Slain by Jessica
             ... wielding a +4 dagger of distortion
              (14 damage)
             ... on level 2 of the Dungeon.
             The game lasted 00:01:53 (729 turns).

senseless the Trooper (Coglin Berserker)             Turns: 729, Time: 00:01:54

Health: -1/29      AC:  2    Str: 17    XL:     3   Next: 2%
Magic:  3/3        EV: 11    Int:  6    God:    Trog [*.....]
Gold:   96         SH:  0    Dex: 15    Spells: 2/2 levels left

rFire   . . .        a - +0 falchion {José}
rCold   . . .        c - +0 dagger {Doyun}
rNeg    . . .        b - +0 animal skin
rPois   .            (no helmet)
rElec   .            (no cloak)
rCorr   .            (no gloves)
SInv    .            (no boots)
Will    .....        (amulet unavailable)
Stlth   +            (ring unavailable)
HPRegen 0.24/turn    (ring unavailable)
MPRegen 0.08/turn    (no gizmo)

%: no passive effects
@: revving
A: off-hand wielding, slow wielding, warmup strikes, no jewellery
a: Invent Gizmo, Renounce Religion, Berserk


You were on level 2 of the Dungeon.
You worshipped Trog.
Trog was aware of your devotion.
You visited 1 branch of the dungeon, and saw 2 of its levels.

You collected 96 gold pieces.

Inventory:

Hand Weapons
 a - a +0 falchion (weapon) {José}
 c - a +0 dagger (offhand) {Doyun}
Missiles
 l - 2 poisoned darts
Armour
 b - a +0 animal skin (worn)
Scrolls
 d - 2 scrolls of immolation {unknown}
 e - a scroll of enchant armour {unknown}
 f - 2 scrolls of identify {unknown}
 g - a scroll of fog {unknown}
 i - a scroll of noise {unknown}
 j - 3 scrolls of teleportation {unknown}
Potions
 h - a potion of lignification {unknown}
 k - a potion of resistance {unknown}


   Skills:
 + Level 3.4 Fighting
 + Level 3.3 Long Blades
 - Level 1.7 Armour
 + Level 2.2 Dodging


You had 2 spell levels left.
You didn't know any spells.
Your spell library was empty.

Dungeon Overview and Level Annotations

Branches:
Dungeon (2/15)

Altars:

Annotations:
D:2 Jessica


Innate Abilities, Weirdness & Mutations

You can wield a second weapon in your off-hand.
It takes a long time for you to wield or remove held weapons.
Your first few attacks do less damage.
You cannot equip rings or amulets.


Message History

Moving in this stuff is going to be slow.
You enter the shallow water.
Moving in this stuff is going to be slow.
You enter the shallow water.
Moving in this stuff is going to be slow.
You enter the shallow water.
Moving in this stuff is going to be slow.
k - a yellow potion You see here a book of Unlife.
Done exploring.
Done exploring.
Search for what [? for help]? .
You enter the shallow water.
Moving in this stuff is going to be slow.
You enter the shallow water.
Moving in this stuff is going to be slow.
You enter the shallow water.
Moving in this stuff is going to be slow.
You see here a +0 robe.
There is an open door here.
There is an open door here.
There is an open door here.
You see here 2 poisoned darts.
l - 2 poisoned darts
There is a stone staircase leading down here.
You climb downwards.
There is a stone staircase leading up here.
The helpless Jessica fails to defend herself.
You hit Jessica but do no damage. You hit Jessica with your +0 dagger.
Jessica barely misses you.
You hit Jessica with your +0 falchion.
Jessica is moderately wounded.
You hit Jessica with your +0 dagger.
Jessica hits you with a +4 dagger of distortion!
You closely miss Jessica with your +0 falchion.
Jessica is moderately wounded.
You barely miss Jessica with your +0 dagger.
Jessica hits you with a +4 dagger of distortion!
Space warps horribly around you!
You die...

######
#...@#
#..@...#
########


You could see Jessica.

Vanquished Creatures
  A dart slug (D:1)
  2 bats (D:1)
  2 endoplasms (D:1)
  3 goblins (D:1)
  A hobgoblin (D:1)
  A quokka (D:1)
  A ball python (D:1)
  A frilled lizard (D:1)
  5 kobolds (D:1)
  4 rats (D:1)
21 creatures vanquished.

Notes
Turn   | Place    | Note
-------+----------+-------------------------------------------
     0 | D:1      | senseless the Coglin Berserker began the quest for the Orb.
     0 | D:1      | Reached XP level 1. HP: 18/18 MP: 1/1
    78 | D:1      | Reached XP level 2. HP: 13/24 MP: 2/2
   413 | D:1      | Reached XP level 3. HP: 28/29 MP: 3/3
   726 | D:2      | Noticed Jessica
   729 | D:2      | Slain by Jessica

Illustrated notes

Levels and vault maps discovered:
D:1:      lightli_arrival_isolated_outpost, layout_basic, st_stairs_3
D:2:      layout_basic, uniq_jessica

Skill      XL: |  1 |
---------------+----+-----
Dodging        | 2 |  2.2
Fighting       | |  3.4
Long Blades    | |  3.3
Armour         | |  1.7

Action                     || total
---------------------------++-------
  Melee: Falchion          ||    45
         Dagger            ||    43
   Stab: Sleeping          ||     1
 Armour: Animal skin       ||    28
  Dodge: Dodged            ||    33

Table legend: (Time is in decaauts)
 A = Elapsed time spent in this place.
 B = Non-inter-level travel time spent in this place.
 C = Inter-level travel time spent in this place.
 D = Time resting spent in this place.
 E = Time spent auto-exploring this place.
 F = Levels seen in this place.
 G = Mean time per level.
                   A        B        C        D        E       F      G
               +--------+--------+--------+--------+--------+-----+--------+
         Total |    736 |    661 |     75 |      0 |    552 |   2 |  368.0 |
       Dungeon |    736 |    661 |     75 |      0 |    552 |   2 |  368.0 |
               +--------+--------+--------+--------+--------+-----+--------+

Top non-repeatable levels by time:
     D:1: 733 daAuts
     D:2: 2 daAuts
